 Dungeon Crawl Stone Soup version 0.28.0-45-g0d030f2227 (webtiles) character file.

Game seed: 11494052579946313859

559 thiscave3701365 the Cleaver (level 7, -1/61 HPs)
             Began as a Hill Orc Berserker on Apr 16, 2022.
             Was a Believer of Trog.
             Slain by a gnoll
             ... wielding a +0 spear
              (2 damage)
             ... on level 5 of the Dungeon on Apr 17, 2022.
             The game lasted 00:04:15 (5235 turns).

thiscave3701365 the Cleaver (Hill Orc Berserker)    Turns: 5235, Time: 00:04:15

Health: -1/61      AC: 13    Str: 22    XL:     7   Next: 31%
Magic:  7/7        EV:  7    Int:  7    God:    Trog [**....]
Gold:   203        SH:  0    Dex: 10    Spells: 6/6 levels left

rFire   . . .      SeeInvis .   a - +0 hand axe
rCold   . . .      Faith    .   (no shield)
rNeg    . . .      Spirit   .   g - +0 plate armour
rPois   .          Reflect  .   (no helmet)
rElec   .          Harm     .   (no cloak)
rCorr   .          Rampage  .   o - +0 pair of gloves
Will    .....                   (no boots)
Stlth   ..........              (no amulet)
HPRegen 0.20/turn               (no ring)
MPRegen 0.10/turn               (no ring)

@: on berserk cooldown, slowed, very slow
A: no striking features
a: Renounce Religion, Berserk, Trog's Hand


You were on level 5 of the Dungeon.
You worshipped Trog.
Trog was pleased with you.
You visited 1 branch of the dungeon, and saw 5 of its levels.
You also visited: Ossuary.

You collected 203 gold pieces.

Inventory:

Hand Weapons
 a - a +0 hand axe (weapon)
 h - the +6 hunting sling "Xucvueqo" {flame, +Blink Dex-5 SInv}
   (You found it on level 2 of the Dungeon)

   Any ammunition fired from it burns those it strikes, dealing additional fire
   damage.
   Dex:       It affects your dexterity (-5).
   SInv:      It lets you see invisible.
   +Blink:    It lets you blink.
Armour
 g - a +0 plate armour (worn)
 o - a +0 pair of gloves (worn)
Jewellery
 d - a ring of resist corrosion
Scrolls
 e - a scroll of enchant armour {unknown}
 f - a scroll of blinking {unknown}
 k - a scroll of fear {unknown}
 l - a scroll of noise {unknown}
 m - 4 scrolls of identify {unknown}
 s - a scroll of fog {unknown}
 t - a scroll of immolation {unknown}
 u - a scroll of teleportation {unknown}
Potions
 b - a potion of flight {unknown}
 c - a potion of degeneration {unknown}
 i - 3 potions of mutation {unknown}
 j - a potion of cancellation {unknown}
 n - a potion of invisibility {unknown}
 p - 2 potions of lignification {unknown}
 q - a potion of ambrosia {unknown}
 r - 2 potions of haste {unknown}
 v - 2 potions of curing {unknown}


   Skills:
 + Level 5.3 Fighting
 + Level 8.3 Axes
 + Level 4.0 Armour
 + Level 2.1 Dodging
 + Level 1.0 Stealth


You had 6 spell levels left.
You didn't know any spells.
Your spell library was empty.

Dungeon Overview and Level Annotations

Branches:
Dungeon (5/15)            Ossuary (visited)
 Temple: D:4-7

Altars:
Gozag
Trog
Xom


Message History

You struggle against the net.
The gnoll hits you but does no damage. x2
You struggle against the net.
You feel your anger nearly subside.
You are no longer berserk.
You are exhausted.
You feel yourself slow down. The gnoll hits you but does no damage.
You struggle against the net.
The gnoll hits you but does no damage.
The gnoll hits you from afar with a +0 spear.
The gnoll hits you but does no damage.
You rip the net and break free!
The gnoll hits you but does no damage. The gnoll hits you with a +0 flail!
The gnoll hits you from afar with a +0 spear.
The gnoll closely misses you. The gnoll barely misses you.
The gnoll hits you with a +0 flail.
You hit the gnoll.
The gnoll is lightly wounded.
You hit the gnoll. The gnoll barely misses you. x2
The gnoll hits you but does no damage. The gnoll hits you with a +0 flail!
The gnoll hits you but does no damage.
You hit the gnoll but do no damage.
The gnoll is lightly wounded.
You barely miss the gnoll. The gnoll barely misses you.
The gnoll hits you but does no damage. x2
The gnoll hits you from afar with a +0 spear.
You slash the gnoll!
The gnoll is severely wounded.
You closely miss the gnoll. The gnoll hits you with a +0 whip.
The gnoll hits you from afar with a +0 spear.
The gnoll hits you but does no damage.
The gnoll hits you from afar with a +0 spear!
* * * LOW HITPOINT WARNING * * *
The gnoll hits you with a +0 whip.
* * * LOW HITPOINT WARNING * * *
The gnoll barely misses you. The gnoll hits you with a +0 flail.
* * * LOW HITPOINT WARNING * * *
The gnoll hits you but does no damage.
The gnoll hits you but does no damage. x2
The gnoll hits you with a +0 flail!
* * * LOW HITPOINT WARNING * * *
The gnoll hits you from afar with a +0 spear.
You die...

## ##... .. #.
.(.#
!..###.##...
..........##
......(g...#
..####g##......
#g# ##### #g#
#@# #<# #.# #.#
#.# #.# ..# ...
...


You could see 4 gnolls.

Vanquished Creatures
  A black bear (D:4)
  A howler monkey (D:4)
  3 centaur zombies (Ossuary)
  4 hounds
  3 hound zombies (Ossuary)
  3 mummies (Ossuary)
  4 gnolls
  An adder (D:4)
  4 adder zombies (Ossuary)
  8 orcs
  4 ball pythons
  2 bats (D:1)
  6 endoplasms
  4 gnoll zombies (Ossuary)
  2 goblins
  4 hobgoblins
  4 jackals (D:4)
  4 kobolds
  A quokka (D:3)
  2 frilled lizards
  6 goblin zombies (Ossuary)
  2 hobgoblin zombies (Ossuary)
  A jackal zombie (Ossuary)
  3 kobold zombies (Ossuary)
  An orc zombie (Ossuary)
  4 quokka zombies (Ossuary)
  3 rats
  5 rat zombies (Ossuary)
90 creatures vanquished.

Notes
Turn   | Place    | Note
-------+----------+-------------------------------------------
     0 | D:1      | thiscave3701365 the Hill Orc Berserker began the quest for
                  | the Orb.
     0 | D:1      | Reached XP level 1. HP: 19/19 MP: 1/1
   957 | D:1      | Reached XP level 2. HP: 27/27 MP: 2/2
  1487 | D:1      | Found a faded altar of an unknown god.
  1745 | D:2      | Found a shimmering altar of Xom.
  1775 | D:2      | Reached XP level 3. HP: 28/33 MP: 3/3
  1896 | D:2      | Identified the +6 hunting sling "Xucvueqo" {flame, +Blink
                  | Dex-5 SInv}
  2471 | D:3      | Found a bloodstained altar of Trog.
  2656 | D:3      | Reached skill level 5 in Axes
  2656 | D:3      | Reached XP level 4. HP: 33/40 MP: 4/4
  3213 | D:4      | Found a sand-covered staircase.
  3251 | Ossuary  | Entered an ossuary
  3342 | Ossuary  | Reached XP level 5. HP: 47/47 MP: 5/5
  3431 | Ossuary  | Reached skill level 6 in Axes
  3435 | Ossuary  | Reached ** piety under Trog
  3761 | Ossuary  | Reached XP level 6. HP: 46/53 MP: 6/6
  3766 | Ossuary  | Reached skill level 7 in Axes
  4508 | D:4      | Reached skill level 1 in Stealth
  4517 | D:4      | Reached XP level 7. HP: 60/60 MP: 7/7
  4651 | D:4      | Reached skill level 5 in Fighting
  4651 | D:4      | Reached skill level 8 in Axes
  4783 | D:4      | Found an opulent altar of Gozag.
  5216 | D:5      | Entered Level 5 of the Dungeon
  5235 | D:5      | HP: 1/61 [gnoll/+0 flail (9)]
  5235 | D:5      | Slain by a gnoll

Illustrated notes

Levels and vault maps discovered:
D:1:      dpeg_arrival_radiant, layout_basic, ebering_ecumenical_altar_box,
          dk_noncrumbling_2
D:2:      layout_rooms, basic_altar, serial_glass, glass_columns_c,
          glass_columns_a, glass_columns_a, glass_columns_c, glass_columns_c,
          glass_columns_c, glass_columns_b, glass_columns_b, glass_columns_b,
          glass_columns_a, glass_columns_b, glass_columns_a, glass_columns_c,
          glass_columns_c
D:3:      layout_loops_cross, mainiacjoe_overflow_catwalk, hex_medium,
          solitary_fountain, nicolae_elevator_lobby_plus
D:4:      layout_loops_ring, nicolae_gozag_cash_rules_everything_around_me,
          chequers_ossuary_entry_cave, kennysheep_generic_room_4
D:5:      layout_rooms

Skill      XL: |  1  2  3  4  5  6  7 |
---------------+----------------------+-----
Fighting       | 4 5 |  5.3
Dodging        | 2 |  2.1
Axes           | 5 6 7 8 |  8.3
Armour         | 3 4 |  4.0
Stealth        | 1 |  1.0

Action                   |  1- 3 |  4- 6 |  7- 9 || total
-------------------------+-------+-------+-------++-------
Melee: Hand axe          |    84 |   186 |    28 ||   298
       Punch             |     1 |     2 |     1 ||     4
Invok: Berserk           |       |     5 |     1 ||     6
 Stab: Sleeping          |     1 |       |       ||     1
       Distracted        |       |     1 |       ||     1
Armor: Animal skin       |     4 |       |       ||     4
       Plate armour      |    31 |   152 |    33 ||   216
Dodge: Dodged            |    39 |    57 |    20 ||   116
